 Dungeon Crawl Stone Soup version 0.29.1-2-gbd0b4ee654 (webtiles) character file.

Game seed: 17483420843653810122

1495 Arctor the Covered (level 8, -9/73 HPs)
             Began as a Minotaur Fighter on Nov 2, 2022.
             Was an Initiate of the Shining One.
             Killed from afar by Maggie (23 damage)
             ... with a bolt of fire
             ... on level 6 of the Dungeon.
             The game lasted 00:04:04 (4819 turns).

Arctor the Covered (Minotaur Fighter)               Turns: 4819, Time: 00:04:05

Health: -9/73      AC:  7    Str: 22    XL:     8   Next: 51%
Magic:  7/7        EV:  9    Int:  5    God:    the Shining One [......]
Gold:   268        SH:  5    Dex: 11    Spells: 7/7 levels left

rFire   . . .      SeeInvis .   s - +2 war axe (vorpal)
rCold   . . .      Faith    .   c - +0 buckler
rNeg    . . .      Spirit   .   b - +0 scale mail
rPois   .          Reflect  .   (helmet restricted)
rElec   .          Harm     .   (no cloak)
rCorr   .          Rampage  .   (no gloves)
Will    .....                   (no boots)
Stlth   ..........              (no amulet)
HPRegen 0.22/turn               (no ring)
MPRegen 0.10/turn               (no ring)

@: brilliant, mesmerised, glowing
A: horns 2, retaliatory headbutt
a: Renounce Religion


You were on level 6 of the Dungeon.
You worshipped the Shining One.
The Shining One was noncommittal.
You visited 1 branch of the dungeon, and saw 6 of its levels.

You collected 268 gold pieces.

Inventory:

Hand Weapons
 a - a +0 war axe
 s - a +2 vorpal war axe (weapon)
Missiles
 m - 5 boomerangs of dispersal (quivered)
 x - 4 boomerangs
Armour
 b - a +0 scale mail (worn)
 c - a +0 buckler (worn)
Jewellery
 q - a ring of protection from fire
Wands
 f - a wand of mindburst (15)
 r - a wand of light (21)
 y - a wand of digging (2)
Scrolls
 g - 3 scrolls of teleportation
 h - 2 scrolls of fog
 j - a scroll of summoning {unknown}
 o - 2 scrolls of blinking {unknown}
 t - a scroll of torment {unknown}
 u - 3 scrolls of identify {unknown}
Potions
 d - 2 potions of might
 i - a potion of brilliance
 k - 2 potions of mutation {unknown}
 l - 2 potions of attraction {unknown}
 n - a potion of ambrosia {unknown}
 p - a potion of berserk rage {unknown}
 v - a potion of haste
 w - a potion of cancellation {unknown}


   Skills:
 + Level 7.2 Fighting
 + Level 6.6 Axes
 + Level 1.4 Throwing
 + Level 7.2 Armour
 + Level 7.2 Shields


You had 7 spell levels left.
You didn't know any spells.
Your spell library contained the following spells:

 Spells                   Type           Power      Damage    Failure   Level
 Portal Projectile        Hex/Tloc       0%         N/A       99%         3
 Tukima's Dance           Hex            0%         N/A       99%         3
 Petrify                  Tmut/Erth      0%         N/A       100%        4
 Blade Hands              Tmut           0%         N/A       100%        5
 Metabolic Englaciation   Hex/Ice        0%         N/A       100%        5
 Statue Form              Tmut/Erth      0%         N/A       100%        6


Dungeon Overview and Level Annotations

Branches:
Dungeon (6/15)
 Temple: D:4-7

Altars:
Elyvilon
Fedhas
Hepliaklqana
Ru
Trog
Uskayaw
The Shining One

Shops:
D:2 :   D:6 **

Annotations:
D:6 Maggie


Innate Abilities, Weirdness & Mutations

You have a pair of horns on your head.
You reflexively headbutt those who attack you in melee.


Message History

You hit the black bear.
You kill the black bear!
The sentinel's mark upon you fades away.
Items here: )))) [[[[ ††††.
Found a robe.
Maggie is nearby!
Maggie is nearby!
Items here: )))) [[[[ ††††.
Maggie is nearby!
Maggie smiles, but it's obviously fake.
Maggie gestures wildly while chanting.
Maggie attempts to bespell you! You resist with almost no effort.
Things that are here:
a +0 scythe; a +0 robe You slash Maggie!
Maggie is moderately wounded.
Maggie hits you with a +0 long sword of distortion!
Space warps horribly around you!!
You are too injured to fight recklessly!
You are too injured to fight recklessly!
You are too injured to fight recklessly!
You slash Maggie!
Maggie is heavily wounded.
Maggie casts a spell.
Maggie attempts to bespell you!
You are mesmerised by Maggie!
You barely miss Maggie. You headbutt Maggie, but do no damage.
Maggie is heavily wounded.
Maggie hits you with a +0 long sword of distortion.
Space warps around you.
* * * LOW HITPOINT WARNING * * *
Maggie hits you with a +0 long sword of distortion!
* * * LOW HITPOINT WARNING * * *
You blink.
You feel better.
It was a potion of brilliance.
You feel clever all of a sudden. Maggie gestures at you while chanting.
The bolt of fire hits you!!
You die...

### #.. ###
#.. ....##'##
####....#####
[......@)@).#
#########
###########.#
#........ #.#
#.#######
#.####.# #
#.....>#######
#######.......
#......#
######......'
............#


You could see Maggie (mesmerising).

Vanquished Creatures
  Pikel (D:6)
  3 black bears
  A phantom (D:5)
  A bullfrog (D:6)
  A necrophage (D:5)
  A scorpion (D:6)
  4 wights (D:6)
  A howler monkey (D:6)
  A jelly (D:5)
  2 orc wizards (D:6)
  Terence (D:3)
  4 gnolls
  4 adders
  2 white imps (D:6)
  An ufetubus (D:6)
  A worm (D:2)
  A dart slug (D:2)
  8 orcs
  4 ball pythons
  9 bats
  10 endoplasms
  A giant cockroach (D:4)
  3 goblins
  10 hobgoblins
  4 jackals (D:2)
  4 kobolds
  2 quokkas
  4 frilled lizards
  5 rats
94 creatures vanquished.

Notes
Turn   | Place    | Note
-------+----------+-------------------------------------------
     0 | D:1      | Arctor the Minotaur Fighter began the quest for the Orb.
     0 | D:1      | Reached XP level 1. HP: 19/19 MP: 0/0
   123 | D:1      | Reached XP level 2. HP: 27/27 MP: 1/1
   850 | D:2      | Reached XP level 3. HP: 33/33 MP: 2/2
  1543 | D:2      | Found Hamyekh's Book Emporium.
  1736 | D:3      | Found a white marble altar of Elyvilon.
  1747 | D:3      | You fall into a shaft and drop 3 floors!
  1747 | D:6      | Found a bloodstained altar of Trog.
  1779 | D:6      | Reached XP level 4. HP: 41/41 MP: 3/3
  1855 | D:6      | Reached XP level 5. HP: 23/47 MP: 4/4
  1857 | D:6      | Reached skill level 5 in Fighting
  1857 | D:6      | Reached skill level 5 in Armour
  1857 | D:6      | Reached skill level 5 in Shields
  1858 | D:6      | Reached XP level 6. HP: 15/56 MP: 5/5
  1860 | D:6      | Noticed Pikel
  1878 | D:6      | Killed Pikel
  1879 | D:6      | Reached skill level 5 in Axes
  1879 | D:6      | Reached XP level 7. HP: 6/63 MP: 6/6
  2286 | D:6      | Found Zatehi's General Store.
  2288 | D:6      | Found Quggatew's Specific Store.
  2290 | D:6      | Noticed Maggie
  2322 | D:6      | HP: 3/63 [white imp/puff of frost (10)]
  2323 | D:5      | Entered Level 5 of the Dungeon
  2836 | D:5      | Found a glowing golden altar of the Shining One.
  2858 | D:5      | Became a worshipper of the Shining One
  2948 | D:5      | Reached XP level 8. HP: 65/71 MP: 7/7
  3158 | D:5      | Found a sacrificial altar of Ru.
  3224 | D:5      | Found a hazy altar of Hepliaklqana.
  3227 | D:5      | Found a hide-covered altar of Uskayaw.
  4403 | D:3      | Found a blossoming altar of Fedhas.
  4472 | D:3      | Found a faded altar of an unknown god.
  4515 | D:3      | Noticed Terence
  4524 | D:3      | Killed Terence
  4797 | D:6      | Reached skill level 1 in Throwing
  4819 | D:6      | Killed from afar by Maggie

Illustrated notes

Levels and vault maps discovered:
D:1:      saegor_arrival_simple_d, layout_basic
D:2:      layout_basic, serial_forest, infiniplex_forest_lined_2,
          infiniplex_forest_straight_2, infiniplex_forest_zigzag_1,
          infiniplex_forest_lined_2, infiniplex_forest_straight_2,
          infiniplex_forest_clump_tiny, infiniplex_forest_clump_curved,
          serial_shops, nicolae_square_shop
D:3:      minmay_angry_zag, layout_rooms, fedhas_altar_1,
          nicolae_elyvilon_peaceful_grove,
          hellmonk_ecumenical_altar_pennies_from_heaven, uniq_terence
D:4:      layout_gridville, minivault_5, abandoned_shop
D:5:      layout_basic, minmay_overflow_temple_star_quad,
          mainiacjoe_overflow_cross_hatched
D:6:      layout_basic, lemuel_round_altar, lemuel_coloured_pillars_altar,
          kennysheep_small_spiral, nicolae_specific_store, corexii_checkpoint_a,
          chequers_serial_rivers_small_b, sigmund_army, uniq_maggie, uniq_pikel

Skill      XL: |  1  2  3  4  5  6  7  8 |
---------------+-------------------------+-----
Armour         | 4 5 6 7 |  7.2
Fighting       | 4 5 6 7 |  7.2
Shields        | 4 5 6 7 |  7.2
Axes           | 3 4 5 6 |  6.6
Throwing       | 1 |  1.4

Action                   |  1- 3 |  4- 6 |  7- 9 || total
-------------------------+-------+-------+-------++-------
Melee: War axe           |    75 |    18 |   115 ||   208
       Headbutt          |    11 |     4 |    16 ||    31
  Use: Potion            |       |     6 |     2 ||     8
       Scroll            |       |       |     3 ||     3
Armor: Scale mail        |    27 |     1 |    39 ||    67
Dodge: Dodged            |    29 |    14 |    66 ||   109
Block: Buckler           |    11 |     5 |    36 ||    52
